 Dungeon Sprint DCSS version 0.26.1-2-gb8aa6d0cf2 (webtiles) character file.

Game seed: 6532525026259491935

19 Groucho the Sneak (level 2, -4/13 HPs)
             Began as a Spriggan Enchanter on Feb 17, 2021.
             Was a Follower of Kikubaaqudgha.
             Slain by a wolf (12 damage)
             ... in the Dungeon (Sprint VII: "The Pits").
             The game lasted 00:01:57 (448 turns).

Groucho the Sneak (Spriggan Enchanter)               Turns: 448, Time: 00:01:59

Health: -4/13      AC:  2    Str:  4    XL:     2   Next: 55%
Magic:  2/7        EV: 18    Int: 16    God:    Kikubaaqudgha [*.....]
Gold:   0          SH:  0    Dex: 16    Spells: 5/8 levels left

rFire    . . .     SeeInvis +   c - +2 dagger (speed)
rCold    . . .     Faith    .   (shield restricted)
rNeg     . . .     Spirit   .   b - +0 robe
rPois    .         Reflect  .   (helmet restricted)
rElec    .         Harm     .   (no cloak)
rCorr    .         Rampage  .   (gloves unavailable)
Will     .....     NoTele   +   (boots unavailable)
Stlth    ++++......             (no amulet)
HPRegen  0.04/turn              (no ring)
MPRegen  0.10/turn              (no ring)

@: very slightly contaminated, very quick
A: very small, unfitting armour, see invisible, speed 3
a: Renounce Religion, Receive Corpses


You were in the Dungeon.
You worshipped Kikubaaqudgha.
Kikubaaqudgha was aware of your devotion.
You visited 1 branch

Inventory:

Hand Weapons
 c - a +2 dagger of speed (weapon)
 n - a +1 dagger
Missiles
 m - 10 stones
Armour
 b - a +0 robe (worn)
Scrolls
 i - a scroll of blinking
 j - 3 scrolls of remove curse
 k - 5 scrolls of amnesia
 l - a scroll of summoning
Potions
 a - 2 potions of invisibility
 d - a potion of curing
 e - a potion of heal wounds
 f - a potion of haste
 g - 3 potions of magic
 h - 2 potions of berserk rage


   Skills:
 - Level 1.1 Short Blades
 - Level 3.0 Dodging
 * Level 7.9 Stealth
 + Level 3.8 Spellcasting
 + Level 4.5 Hexes


You had 5 spell levels left.
You knew the following spells:

 Your Spells              Type           Power        Failure   Level
a - Corona                Hex            18%          2%          1
b - Ensorcelled Hibernat  Hex/Ice        20%          11%         2

Your spell library contained the following spells:

 Spells                   Type           Power        Failure   Level
 Confusing Touch          Hex            17%          8%          3
 Tukima's Dance           Hex            17%          8%          3
 Pain                     Necr           12%          17%         1
 Dazzling Flash           Conj/Hex       20%          21%         3
 Corpse Rot               Necr/Air       N/A          26%         2
 Sublimation of Blood     Necr           1%           26%         2
 Vampiric Draining        Necr           1%           45%         3


Dungeon Overview and Level Annotations

Branches:
Dungeon (1/1)

Altars:
Ashenzari
Cheibriados
Dithmenos
Elyvilon
Fedhas
Gozag
Hepliaklqana
Kikubaaqudgha
Makhleb
Nemelex Xobeh
Okawaru
Qazlal
Ru
Sif Muna
Trog
Uskayaw
Vehumet
Wu Jian
Xom
Yredelemnul
Zin
The Shining One
Beogh
Jiyva
Lugonu


Innate Abilities, Weirdness & Mutations

You are very small and have problems with some larger weapons.
You are too small for most types of armour.
You have supernaturally acute eyesight. (SInv)
You cover ground extremely quickly.


Message History

Casting: Ensorcelled Hibernation (safe; 11% risk of failure)
Confirm with . or Enter, or press ? or * to list all spells.
You don't know that spell.
Unknown command.
Casting: Ensorcelled Hibernation (safe; 11% risk of failure)
Confirm with . or Enter, or press ? or * to list all spells.
Aiming: Ensorcelled Hibernation (safe; 11% risk of failure)
Press: ? - help, Shift-Dir - straight line, f/p - wolf
Aim: a wolf (chance to affect: 41%)
The wolf resists with some effort.
The wolf barely misses you. The wolf closely misses you.
Casting: Ensorcelled Hibernation (safe; 11% risk of failure)
Confirm with . or Enter, or press ? or * to list all spells.
Aiming: Ensorcelled Hibernation (safe; 11% risk of failure)
Press: ? - help, Shift-Dir - straight line, f/p - wolf
Aim: a wolf (chance to affect: 41%)
The wolf resists with some effort.
The wolf bites you. The wolf bites you!
Ouch! That really hurt!
You die...
Kikubaaqudgha rasps: "You have failed me!
Welcome... death!"

############
#_________.#
#_________.#
#_______...###########++
##########'##...........
#.?..')))'.##......#..#
##########.##@.........
#.........÷Sh...........
+#####'#####......#..#.
#.....# #...........
#.....# ####'#####+
###S### #.......#
#.....# #.......#
#.....# #.......#
####'##+###...<...#


You could see a wolf and an adder.

Vanquished Creatures
  An adder (D)
  An ooze (D)
  An adder skeleton (D)
  A goblin (D)
  A rat (D)
5 creatures vanquished.

Notes
Turn   | Place    | Note
-------+----------+-------------------------------------------
     0 | D        | Groucho the Spriggan Enchanter began the quest for the Orb.
     0 | D        | Reached XP level 1. HP: 9/9 MP: 5/5
    12 | D        | Reached skill level 5 in Stealth
    40 | D        | Found a bloodstained altar of Trog.
    40 | D        | Found a shimmering blue altar of Sif Muna.
    40 | D        | Found a viscous altar of Jiyva.
    40 | D        | Found a hazy altar of Hepliaklqana.
    40 | D        | Found an opulent altar of Gozag.
    41 | D        | Found a glowing golden altar of the Shining One.
    41 | D        | Found a glowing silver altar of Zin.
    41 | D        | Found a basalt altar of Yredelemnul.
    41 | D        | Found a shimmering altar of Xom.
    41 | D        | Found an ornate altar of the Wu Jian Council.
    41 | D        | Found a sacrificial altar of Ru.
    41 | D        | Found a stormy altar of Qazlal.
    41 | D        | Found an iron altar of Okawaru.
    41 | D        | Found a sparkling altar of Nemelex Xobeh.
    41 | D        | Found a burning altar of Makhleb.
    41 | D        | Found a blossoming altar of Fedhas.
    41 | D        | Found a white marble altar of Elyvilon.
    41 | D        | Found a shadowy altar of Dithmenos.
    41 | D        | Found a snail-covered altar of Cheibriados.
    43 | D        | Found a radiant altar of Vehumet.
    43 | D        | Found a corrupted altar of Lugonu.
    43 | D        | Found a roughly hewn altar of Beogh.
    44 | D        | Found a hide-covered altar of Uskayaw.
    44 | D        | Found an ancient bone altar of Kikubaaqudgha.
    44 | D        | Found a broken altar of Ashenzari.
    53 | D        | Became a worshipper of Kikubaaqudgha
    80 | D        | Reached skill level 6 in Stealth
    87 | D        | Reached skill level 7 in Stealth
    87 | D        | Reached XP level 2. HP: 11/13 MP: 4/7
   406 | D        | Learned a level 2 spell: Ensorcelled Hibernation
   416 | D        | Reached * piety under Kikubaaqudgha
   416 | D        | Identified Kikubaaqudgha's Disquisition on Darkness
                  | (Kikubaaqudgha gifted it to you in the Dungeon)
   416 | D        | Received a gift from Kikubaaqudgha
   426 | D        | Noticed a wolf
   448 | D        | Slain by a wolf

Illustrated notes

Levels and vault maps discovered:
D:        pitsprint [storerooms_1, entrance_room_1, metal_vault_3, armoury_3,
          mini_pit_1, grid_room_1, main_hall_1, silver_pit, the_coven_2,
          the_vestibule_1, steel_vault_3, golden_pit, hallway_of_sentries,
          crystal_vault_1, iron_vault_1, final_vault]

Skill      XL: |  1 |
---------------+----+-----
Stealth        | 7 |  7.9
Spellcasting   | 3 |  3.8
Hexes          | 4 |  4.5
Short Blades   | |  1.1
Dodging        | |  3.0

Action                   || total
-------------------------++-------
Melee: Dagger            ||    13
 Cast: Corona            ||     1
       Ensorcelled Hiber ||     5
  Use: Potion            ||     2
 Stab: Sleeping          ||     3
Dodge: Dodged            ||    14
